Unix NetHack Version 5.0.0-0 post-release - last build May  4 2026 22:22:43 (774f63e81ad911689b3a0859ea89b322d5daca8d,branch:main).

Game began 2026-05-06 13:28:04, ended 2026-05-06 15:17:41.

2460080212, lawful female human Valkyrie

               .--
               .@--
               ..a---  ---         ..---
               .....- --..-        ....--...    ......
                .....--....|.---   ..|......    ..*...--
                  ......|......|  -..|----..    ..--......
                   ..--- --....| |.%--  --..   ..%|---.....
                          --.----|.--  --...   .).|  ---...             ..|
                           ......|.-- --...    ..%--   --...            .<----
                           -----..%.. |....    ....|    |...            .....--
                            --.--..-- --....   ....|    --...     ..|.. ......|
                            |.......|.----.......---    --...     .....*.  ..--
                            --......%..  --......|      |...%.   ...|....  ..|
                             |.........-- |-.(^.--      |..).......----......|
                             |..--.|....| |....--       |.........--  |.....--
                             ---------.-- --.---        --.|.------   -------
                                     ---   ---           -----
2460080212 the Fighter      St:18/02 Dx:13 Co:18 In:9 Wi:10 Ch:9  Lawful
Dlvl:8  $:7  HP:0(70) Pw:12(12) AC:6  Xp:7 T:3913 

Latest messages:
 f - a smoky potion.
 The giant rat bites!
 You kill the giant rat!
 The giant rat misses!
 The giant rat bites!
 You kill the giant rat!
 You miss the large cat.
 The large cat bites!
 The large cat bites!
 You miss the large cat.
 The large cat bites!
 You hit the large cat!
 You hit the large cat!
 The large cat bites!
 You hit the large cat!
 The large cat bites!
 You miss the large cat.
 You miss the large cat.
 The large cat bites!
 You miss the large cat.
 The large cat bites!
 You feel more confident in your weapon skills.
 You hit the large cat!
 You are now most skilled in spear.
 The large cat bites!
 The large cat bites!
 The large cat bites!
 The large cat bites!
 The large cat bites!
 Loot in what direction? <space>
 Never mind.
 What do you want to zap? [jI or ?*] I
 In what direction? 3
 You kill the large cat!
 What do you want to zap? [jI or ?*] 3
 No count allowed with this command.
 What do you want to zap? [jI or ?*] z
 That is a silly thing to zap.
 What do you want to zap? [jI or ?*] I
 In what direction? 3
 The magic missile hits the fire ant.
 The fire ant bites!
 The fire ant bites again!
 You're on fire!
 You die...
 Do you want your possessions identified? [ynq] (y) n
 Do you want to see your attributes? [ynq] (y) n
 Do you want an account of creatures vanquished? [ynaq] (y) n
 Do you want to see your conduct and achievements? [ynq] (y) n
 Do you want to see the dungeon overview? [ynq] (y) n

Inventory:
 Coins    ('$')
  $ - 7 gold pieces
 Weapons  (')')
  a - a corroded +1 spear (weapon in right hand)
  D - a +0 aklys
  l - a +0 dwarvish mattock
  H - a +0 flail
  v - a +0 long sword
 Armor    ('[')
  n - an uncursed +0 dwarvish iron helm
  e - an uncursed +0 pair of low boots
  k - an uncursed +0 dwarvish roundshield
  c - an uncursed +3 small shield (being worn)
  F - a blessed +0 Uruk-hai shield
  o - an uncursed +0 dwarvish cloak
  s - an uncursed +0 orcish cloak
  y - an uncursed +0 dwarvish mithril-coat
  p - an uncursed +0 studded leather armor
 Comestibles  ('%')
  d - an uncursed food ration
  w - a cursed homemade tin of lichen
  G - an uncursed egg
 Scrolls  ('?')
  K - a blessed scroll of magic mapping
 Potions  ('!')
  f - an uncursed potion of levitation
 Wands    ('/')
  I - a wand of magic missile (0:2)
  j - a wand of undead turning (0:6)
 Tools    ('(')
  u - an uncursed skeleton key
 Gems/Stones  ('*')
  B - 2 uncursed citrine stones
  z - an uncursed ruby
  E - an uncursed worthless piece of green glass
  b - an uncursed worthless piece of red glass
  q - 2 uncursed worthless pieces of violet glass
  t - 2 uncursed worthless pieces of white glass

2460080212 the Valkyrie's attributes:

Background:
 You were a Fighter, a level 7 human Valkyrie.
 You were lawful, nominally on a mission for Tyr
 who was opposed by Odin (neutral) and Loki (chaotic).
 You were right-handed.
 You were in the Gnomish Mines, on level 8.
 You entered the dungeon 3913 turns ago.
 You had 1118 experience points, 162 more were needed to attain level 8.

Basics:
 You had 0 out of 70 hit points.
 You had all 12 energy points (spell power).
 Your armor class was 6.
 Your wallet contained 7 zorkmids.
 Autopickup was off.

Final Characteristics:
 Your strength was 18/02 (peak:18/03, limit:18/100).
 Your dexterity was 13 (limit:18).
 Your constitution was 18 (limit:18).
 Your intelligence was 9 (limit:18).
 Your wisdom was 10 (limit:18).
 Your charisma was 9 (limit:18).

Final Status:
 You weren't hungry.
 You were unencumbered.
 You were wielding a spear.
 You had expert skill with spear.

Final Attributes:
 You were piously aligned.
 You were cold resistant.
 You were stealthy.
 You were fast.
 You are dead.

Miscellaneous:
 You didn't encounter any bones levels.
 Total elapsed playing time was 1 hour, 46 minutes and 38 seconds.

Major events:
 Turn
    1: 2460080212 the lawful human Valkyrie entered the dungeon
  818: entered the Gnomish Mines
  864: attained the rank of Skirmisher (level 3)
 2305: attained the rank of Fighter (level 6)
 2994: reached Mine Town
 3913: killed by a fire ant

You didn't know any spells.

Skills:
 Fighting Skills
   bare handed combat [Unskilled]
   two weapon combat  [Unskilled]
   riding             [Unskilled]
 Weapon Skills
   dagger             [Basic]
   axe                [Unskilled]
   pick-axe           [Unskilled]
   short sword        [Unskilled]
   broadsword         [Unskilled]
   long sword         [Unskilled]
   two-handed sword   [Unskilled]
   saber              [Unskilled]
   hammer             [Unskilled]
   quarterstaff       [Unskilled]
   polearms           [Unskilled]
   spear              [Expert]
   trident            [Unskilled]
   lance              [Unskilled]
   sling              [Unskilled]
 Spellcasting Skills
   attack spells      [Unskilled]
   escape spells      [Unskilled]

Voluntary challenges:
 Character rerolling was not enabled.
 You were an atheist.
 You never genocided any monsters.
 You never polymorphed an object.
 You never changed form.
 You used no wishes.
Achievements:
 You entered a shop.
 You entered the Gnomish Mines.
 You attained the rank of Skirmisher.
 You attained the rank of Fighter.
 You entered Minetown.

 The Dungeons of Doom: levels 1 to 2
    Level 1:
       A fountain.
    Level 2:
       An armor shop.
       Stairs down to The Gnomish Mines.
 The Gnomish Mines: levels 3 to 8
    Level 3:
    Level 4:
    Level 5:
    Level 6:
       Some shops, an altar to Tyr, some fountains.
    Level 7:
    Level 8: <- You were here.
       Final resting place for
          you, killed by a fire ant.


Vanquished creatures:
  a large cat
  2 giant spiders
  a blue jelly
  a Mordor orc
  6 Uruk-hai
  a pony
  a violet fungus
 10 gnome leaders
  3 gnomish wizards
  a gray ooze
  a paper golem
  a giant ant
  2 little dogs
  a kitten
  5 dwarves
  a rothe
  a giant bat
 an iguana
  2 acid blobs
  a gas spore
  2 manes
  a large kobold
  a hobgoblin
  4 giant rats
  a cave spider
  a brown mold
  2 yellow molds
 48 gnomes
  3 garter snakes
  4 gnome zombies
  a gecko
  4 jackals
  a kobold
  2 goblins
  9 sewer rats
  5 grid bugs
  2 lichens
  a kobold zombie
  6 newts
141 creatures vanquished.

No species were genocided or became extinct.

Game over:
                       ----------
                      /          \
                     /    REST    \
                    /      IN      \
                   /     PEACE      \
                  /                  \
                  |    2460080212    |
                  |       7 Au       |
                  | killed by a fire |
                  |       ant        |
                  |                  |
                  |                  |
                  |       2026       |
                 *|     *  *  *      | *
        _________)/\\_//(\/(/\)/\//\/|_)_______

Farvel 2460080212 the Valkyrie...

You died in The Gnomish Mines on dungeon level 8 with 4839 points,
and 7 pieces of gold, after 3913 moves.
You were level 7 with a maximum of 70 hit points when you died.

